 Dungeon Crawl Stone Soup version 0.28-a0-381-g937acc2988 (webtiles) character file.

Game seed: 12347128819312342200

405 pmoppi the Slasher (level 7, -6/50 HPs)
             Began as a Djinni Gladiator on Sept 2, 2021.
             Was an Initiate of Ru.
             Killed by divine providence
             ... invoked by an orc priest
              (12 damage)
             ... on level 4 of the Dungeon.
             The game lasted 00:07:35 (3921 turns).

pmoppi the Slasher (Djinni Gladiator)               Turns: 3921, Time: 00:07:36

Health: -6/50      AC:  6    Str: 13    XL:     7   Next: 12%
Gold:   136        EV: 13    Int: 12    God:    Ru [......] SH:  5 Dex: 14

rFire   + + .      SeeInvis .   a - +0 long sword
rCold   x . .      Faith    .   (no shield)
rNeg    . . .      Spirit   .   b - +0 leather armour
rPois   ∞          Reflect  +   c - +0 helmet
rElec   .          Harm     .   j - +0 cloak
rCorr   .          Rampage  .   i - +0 pair of gloves
Will    .....                   (boots unavailable)
Stlth   +.........              e - amulet of reflection
HPRegen 0.16/turn               (no ring)
MPRegen 0.00/turn               (no ring)

@: flying
A: sickness immunity, fire resistance 2, cold vulnerability 1, float, innate
caster, hp casting, extra vitality 1
a: Renounce Religion


You were on level 4 of the Dungeon.
You worshipped Ru.
Ru was noncommittal.
You visited 2 branches of the dungeon, and saw 5 of its levels.

You collected 136 gold pieces.

Inventory:

Hand Weapons
 a - a +0 long sword (weapon)
Missiles
 d - 3 throwing nets (quivered)
Armour
 b - a +0 leather armour (worn)
 c - a +0 helmet (worn)
 i - a +0 pair of gloves (worn)
 j - a +0 cloak (worn)
Jewellery
 e - an amulet of reflection (around neck)
Scrolls
 f - a scroll of teleportation
 g - a scroll of amnesia {unknown}
Potions
 h - a potion of degeneration {unknown}
 k - a potion of might
 l - a potion of attraction {unknown}
 n - a potion of curing {unknown}


   Skills:
 + Level 3.6 Fighting
 * Level 5.0 Long Blades
 - Level 1.5 Throwing
 + Level 4.7 Dodging
 + Level 1.4 Spellcasting


You had 3 spell levels left.
You knew the following spells:

 Your Spells              Type           Power      Damage    Failure   Level
a - Shock                 Conj/Air       16%        1d4       21%         1
b - Poisonous Vapours     Pois/Air       8%         N/A       30%         2
c - Static Discharge      Conj/Air       4%         N/A       30%         2
Your spell library was empty.

Dungeon Overview and Level Annotations

Branches:
Dungeon (4/15)             Temple (1/1) D:4

Altars:
Cheibriados
Dithmenos
Kikubaaqudgha
Ru
Trog
Uskayaw
Vehumet
Wu Jian
Yredelemnul
The Shining One


Innate Abilities, Weirdness & Mutations

You are immune to sickness and miasma.
You are immune to poison.
Your flesh is very heat resistant. (rF++)
You are vulnerable to cold. (rC-)
You float through the air rather than walking.
You learn spells naturally, not from books.
Your magical power is your life essence.
You have superior vitality. (+4 HP)


Message History

You miss the jackal.
The jackal bites you but does no damage.
The jackal bites you.
You closely miss the jackal. You block the jackal's attack.
You closely miss the jackal. You block the jackal's attack.
The jackal closely misses you.
You barely miss the jackal.
The jackal bites you but does no damage.
The jackal bites you.
* * * LOW HITPOINT WARNING * * *
Your magical contamination has completely faded away.
You hit the jackal but do no damage. You block the jackal's attack.
You slash the jackal!
You kill the jackal!
Things that are here:
a jackal corpse; a howler monkey corpse
Casting: Poisonous Vapours (dangerous; 30% risk of failure)
Confirm with . or Enter, or press ? or * to list all spells.
Aiming: Poisonous Vapours (dangerous; 30% risk of failure)
Press: ? - help, Dir - move target, f/p - orc priest
Aim: an orc priest, wielding a +0 flail (lightly wounded) Poisonous vapours surround the orc priest!
The orc priest is poisoned.
* * * LOW HITPOINT WARNING * * *
You block the orc priest's attack.
You closely miss the orc priest.
The orc priest is lightly wounded.
The orc priest hits you with a +0 flail!
* * * LOW HITPOINT WARNING * * *
You closely miss the orc priest.
The orc priest is lightly wounded.
The orc priest miscasts a cantrip.
You hit the orc priest.
The orc priest is heavily wounded.
You block the orc priest's attack.
You hit the orc priest.
The orc priest is severely wounded.
The orc priest calls down the wrath of Beogh upon you.
Beogh smites you!
You die...

#..######..##...#
####..###..##...#
#.....#....)...
#.....#........
#.....#........
#.....#........ ###
########.)###....##.#
....#...#..#..#####'###.#
.......o@#...............
...!.....'...............
.........#.†.............
.........#...........##..
.####...###...###....##..
##### #+### #>...##..
.....#... .....#... #...


You could see an orc priest (poisoned).

Vanquished Creatures
  A phantom (D:4)
  A scorpion (D:4)
  A howler monkey (D:4)
  2 iguanas
  8 adders
  3 worms
  A dart slug (D:1)
  9 orcs
  4 bats
  4 endoplasms
  8 hobgoblins
  18 jackals
  4 quokkas
  9 ball pythons
  2 frilled lizards
  9 goblins
  8 kobolds
  5 rats
97 creatures vanquished.

Notes
Turn   | Place    | Note
-------+----------+-------------------------------------------
     0 | D:1      | pmoppi the Djinni Gladiator began the quest for the Orb.
     0 | D:1      | Reached XP level 1. HP: 18/18 MP: 0/0
   125 | D:1      | Reached XP level 2. HP: 23/23 MP: 0/0
   128 | D:1      | Reached skill level 3 in Long Blades
   271 | D:1      | Reached XP level 3. HP: 7/29 MP: 0/0
   271 | D:1      | Learned a level 1 spell: Shock
  1304 | D:2      | Reached XP level 4. HP: 20/34 MP: 0/0
  1305 | D:2      | Found a faded altar of an unknown god.
  1887 | D:3      | Reached XP level 5. HP: 32/40 MP: 0/0
  1887 | D:3      | Learned a level 2 spell: Poisonous Vapours
  2012 | D:3      | Reached skill level 4 in Long Blades
  2344 | D:3      | Found an ornate altar of the Wu Jian Council.
  3022 | D:4      | Reached XP level 6. HP: 33/46 MP: 0/0
  3242 | D:4      | Found a staircase to the Ecumenical Temple.
  3321 | Temple   | Entered the Ecumenical Temple
  3599 | Temple   | Became a worshipper of Ru the Awakened
  3786 | D:4      | Reached skill level 1 in Spellcasting
  3798 | D:4      | Reached XP level 7. HP: 21/50 MP: 0/0
  3798 | D:4      | Learned a level 2 spell: Static Discharge
  3806 | D:4      | Reached skill level 5 in Long Blades
  3921 | D:4      | Killed from afar by an orc priest

Illustrated notes

Levels and vault maps discovered:
D:1:      kilobyte_arrival_exit_the_forest, layout_rooms,
          chequers_serial_rivers_micro_d, minmay_split_cup_small
D:2:      layout_rooms, ebering_ecumenical_altar_sacrificial
D:3:      layout_loops_ring, nicolae_wu_jian_wuxing_cycle, chequers_arboretum
D:4:      layout_gridville, mainiacjoe_overflow_six_doors_small,
          mainiacjoe_overflow_cross_hatched, lemuel_temple_firewalk_b
Temple:   compressed_dpeg_triangle_lava_temple

Skill      XL: |  1  2  3  4  5  6  7 |
---------------+----------------------+-----
Long Blades    | 3 4 5 |  5.0
Dodging        | 4 |  4.7
Fighting       | 3 |  3.6
Spellcasting   | 1 |  1.4
Throwing       | |  1.5

Action                   |  1- 3 |  4- 6 |  7- 9 || total
-------------------------+-------+-------+-------++-------
Melee: Long sword        |   108 |   216 |    33 ||   357
 Cast: Shock             |       |     4 |       ||     4
       Poisonous Vapours |       |     1 |     5 ||     6
  Use: Scroll            |       |     5 |       ||     5
 Stab: Sleeping          |     1 |     1 |       ||     2
Armor: Leather armour    |    62 |    79 |    13 ||   154
Dodge: Dodged            |   140 |   163 |    15 ||   318
Block: Other             |       |     6 |     9 ||    15

Table legend: (Time is in decaauts)
 A = Elapsed time spent in this place.
 B = Non-inter-level travel time spent in this place.
 C = Inter-level travel time spent in this place.
 D = Time resting spent in this place.
 E = Time spent auto-exploring this place.
 F = Levels seen in this place.
 G = Mean time per level.
                   A        B        C        D        E       F      G
               +--------+--------+--------+--------+--------+-----+--------+
         Total |   3992 |   3888 |    104 |    408 |   2711 |   5 |  798.4 |
       Dungeon |   3707 |   3633 |     74 |    408 |   2468 |   4 |  926.8 |
        Temple |    285 |    255 |     30 |      0 |    243 |   1 |  285.0 |
               +--------+--------+--------+--------+--------+-----+--------+

Top non-repeatable levels by time:
     D:1: 1305 daAuts
     D:3: 1154 daAuts
     D:4: 647 daAuts
     D:2: 598 daAuts
  Temple: 285 daAuts
